 Dungeon Crawl Stone Soup version 0.19-a0-97-g21dea92 (webtiles) character file.

445 Duffy the Insei (level 7, -2/64 HPs)
             Began as an Octopode Transmuter on May 16, 2016.
             Slain by a gnoll
             ... wielding a +0 whip
              (3 damage)
             ... on level 4 of the Dungeon on May 17, 2016.
             The game lasted 00:04:34 (3751 turns).

Duffy the Insei (Octopode Transmuter)               Turns: 3751, Time: 00:04:35

Health: -2/64      AC: 23    Str: 12    XL:     7   Next: 3%
Magic:  0/10       EV:  2    Int: 15    God:
Gold:   64         SH:  0    Dex: 12    Spells: 3 memorised, 4 levels left

rFire  . . .     SeeInvis .     f - +1 dagger (venom)
rCold  . . .     Gourm    .     (no shield)
rNeg   + + +     Faith    .     (helmet currently unavailable)
rPois  +         Spirit   +     n - amulet of guardian spirit
rElec  .         Dismiss  .     (no ring)
rCorr  .         Reflect  .     (no ring)
SustAt .         Harm     .     (no ring)
MR     .....     NoTele   +     (no ring)
Stlth  +.........               (no ring)
                                (no ring)
                                (no ring)
                                (no ring)

@: tree-form (expiring), glowing, not resistant to hostile enchantments, very
unstealthy
A: almost no armour, (amphibious), 8 rings, (constrict 8), (camouflage 0),
(gelatinous body 0)
a: no special abilities


You were on level 4 of the Dungeon.
You were not hungry.
You were a tree.
You visited 1 branch of the dungeon, and saw 4 of its levels.

You collected 129 gold pieces.
You spent 65 gold pieces at shops.


Innate Abilities, Weirdness & Mutations

You cannot wear most types of armour.
((You are amphibious.))
You can wear up to eight rings at the same time.
((You can use your tentacles to constrict eight enemies at once.))
((Your skin changes colour to match your surroundings (Stealth).))
((Your rubbery body absorbs attacks (AC +1).))


   Skills:
 - Level 1.0 Fighting
 - Level 2.0 Dodging
 + Level 7.0 Unarmed Combat
 - Level 2.0 Spellcasting
 - Level 3.0 Transmutations
 - Level 2.0 Poison Magic


You had 4 spell levels left.
You knew the following spells:

 Your Spells              Type           Power        Failure   Level  Hunger
a - Spider Form           Trmt/Pois      #.........   24%         3    ###....
b - Sticks to Snakes      Trmt           ##......     12%         2    ###....
c - Beastly Appendage     Trmt           ##....       8%          1    #......

Inventory:

Hand Weapons
 f - a +1 dagger of venom (weapon)
Missiles
 a - 34 arrows
Jewellery
 n - an amulet of guardian spirit (around neck)
Scrolls
 e - a scroll of fear {unknown}
 g - a scroll of random uselessness {unknown}
 j - a scroll of fog
 k - a scroll of remove curse {unknown}
 o - 3 scrolls of recharging {unknown}
 q - 2 scrolls of teleportation {unknown}
 r - 4 scrolls of identify {unknown}
 s - a scroll of noise {unknown}
Potions
 d - a potion of cure mutation {unknown}
 h - a potion of curing
 l - a potion of brilliance {unknown}
 m - a potion of agility {unknown}
Books
 b - a book of Changes
Comestibles
 c - 3 bread rations
 i - 2 beef jerkies
 p - 4 fruits

Dungeon Overview and Level Annotations

Branches:
Dungeon (4/15)
 Temple: D:4-7

Altars:

Shops:
D:4 *

Annotations:
D:3 Duffy's ghost, weakling DrTm
D:4 exclusion: phantom


Message History

You have reached level 7!
The gnoll closely misses you.
Drink which item? (? for menu, Esc to quit)
Your transformation has ended.
Your +1 dagger of venom unmelds from your body.
Your +1 dagger of venom begins to drip with poison!
You turn into a tree.
Your roots penetrate the ground.
The gnoll barely misses you.
The gnoll hits you but does no damage. x2
You barely miss the gnoll.
The gnoll hits you but does no damage. x2
You hit the gnoll.
The gnoll is poisoned.
The gnoll is lightly wounded.
The gnoll completely misses you.
The gnoll hits you but does no damage. x2
You barely miss the gnoll. Your punch misses the gnoll.
The gnoll is moderately wounded.
The gnoll hits you but does no damage. x2
You hit the gnoll.
The gnoll looks even sicker.
The gnoll is severely wounded.
The gnoll hits you but does no damage. x2
You closely miss the gnoll.
The gnoll is severely wounded.
The gnoll hits you but does no damage. The gnoll barely misses you.
You hit the gnoll but do no damage.
The gnoll is severely wounded.
The gnoll is no longer moving quickly.
The gnoll hits you but does no damage. The gnoll hits you with a flail.
The gnoll hits you from afar with a spear.
You hit the gnoll.
The gnoll is almost dead.
You kill the gnoll!
The gnoll throws a throwing net.
The throwing net hits you.
You become entangled in the net!
The gnoll hits you but does no damage.
You struggle against the net.
The gnoll hits you but does no damage.
You try to slip out of the net.
The gnoll hits you but does no damage. x2
You try to slip out of the net.
The gnoll hits you with a whip. The gnoll hits you but does no damage.
You slip out of the net!
The gnoll hits you but does no damage. x2
You hit the gnoll.
The gnoll is poisoned.
The gnoll is lightly wounded.
The gnoll hits you with a whip. The gnoll hits you but does no damage.
You closely miss the gnoll.
The gnoll is lightly wounded.
The gnoll hits you but does no damage. x2
You hit the gnoll but do no damage.
The gnoll looks even sicker.
The gnoll is moderately wounded.
Your transformation is almost over.
The gnoll barely misses you. The gnoll hits you but does no damage.
You barely miss the gnoll.
The gnoll is moderately wounded.
The gnoll hits you with a whip.
You die...

#+#.....######..##..#
+.....#.......#...#
#.....'.......'...#
#.....#...##..#####
#.....######### #
#.....# #g #.....# #g
+.....# #..
#....7########
##..##+#######g......#
#............#.g.....#
#..........g.#.......#
#............%.......#
#............#.......#
##..######.###.......#
#.. #.# ######... #...
$.# ...


You could see 2 gnolls.

Action                   |  1- 3 |  4- 6 |  7- 9 || total
-------------------------+-------+-------+-------++-------
Melee: Unarmed           |    18 |    44 |       ||    62
       Constrict         |    21 |    17 |       ||    38
       Dagger            |    71 |    48 |    11 ||   130
       Tentacles         |    10 |     7 |       ||    17
       Punch             |       |     2 |       ||     2
 Cast: Spider Form       |       |     8 |       ||     8
  Use: Potion            |       |     1 |     1 ||     2
 Stab: Sleeping          |    10 |     5 |       ||    15
  Eat: Chunk             |     3 |     7 |       ||    10
Armor: Skin              |     8 |     4 |    22 ||    34
Dodge: Dodged            |    52 |    54 |     5 ||   111

Notes
Turn   | Place    | Note
--------------------------------------------------------------
     0 | D:1      | Duffy the Octopode Transmuter began the quest for the Orb.
     0 | D:1      | Reached XP level 1. HP: 13/13 MP: 3/3
   294 | D:1      | Reached XP level 2. HP: 18/18 MP: 5/5
   826 | D:1      | Reached XP level 3. HP: 22/23 MP: 6/6
   832 | D:1      | Learned a level 2 spell: Sticks to Snakes
   836 | D:1      | Learned a level 3 spell: Spider Form
  1655 | D:2      | Reached skill level 3 in Transmutations
  1862 | D:2      | Reached skill level 4 in Unarmed Combat
  1862 | D:2      | Reached skill level 1 in Poison Magic
  1862 | D:2      | Reached XP level 4. HP: 25/28 MP: 5/7
  2527 | D:3      | Reached skill level 2 in Poison Magic
  2600 | D:3      | Noticed Duffy's ghost (weakling DrTm)
  2798 | D:2      | Reached XP level 5. HP: 33/33 MP: 4/8
  2974 | D:4      | Reached skill level 5 in Unarmed Combat
  3002 | D:4      | Noticed a phantom
  3025 | D:4      | Found Caawkem's General Store.
  3033 | D:4      | Bought a scroll of fog for 26 gold pieces
  3033 | D:4      | Bought a potion of lignification for 39 gold pieces
  3222 | D:4      | Reached skill level 6 in Unarmed Combat
  3222 | D:4      | Reached XP level 6. HP: 31/38 MP: 4/9
  3735 | D:4      | Reached skill level 7 in Unarmed Combat
  3735 | D:4      | Reached XP level 7. HP: 4/43 MP: 1/10
  3751 | D:4      | Slain by a gnoll

Skill      XL: |  1  2  3  4  5  6 |
---------------+-------------------+-----
Transmutations | 3 |  3.0
Unarmed Combat | 4 6 7 |  7.0
Poison Magic   | 1 2 |  2.0
Fighting       | |  1.0
Dodging        | |  2.0
Spellcasting   | |  2.0

Vault maps used:
D:1:      minmay_arrival_open_corners
D:3:      tso_oasis_becter, minmay_close_crescents
D:4:      kennysheep_big_flooded_room, serial_shops, shop

Vanquished Creatures
  A giant frog
  A scorpion
  A crimson imp
  A gnoll shaman
  2 orc wizards
  2 iguanas
  A worker ant
  A gnoll
  6 adders
  2 worms
  2 giant geckos
  7 orcs
  A giant cockroach
  8 goblins
  4 hobgoblins
  3 jackals
  A quokka
  9 bats
  A giant gecko skeleton
  5 giant newts
  8 kobolds
  6 rats
73 creatures vanquished.
